 Dungeon Sprint DCSS version 0.17.1-2-g5865329 (webtiles) character file.

636 Moresty the Grappler (level 7, -4/76 HPs)
             Began as a Troll Monk on Jan 11, 2016.
             Was a Believer of Makhleb.
             Slain by a hellwing (10 damage)
             ... summoned by a kobold demonologist
             ... while paralysed by a giant eyeball
             ... in the Dungeon (Sprint I: "Red Sonja").
             The game lasted 00:02:09 (297 turns).

Moresty the Grappler (Troll Monk)                    Turns: 297, Time: 00:02:09

Health: -4/76      AC:  5    Str: 22    XL:     7   Next: 25%
Magic:  6/6        EV:  1    Int:  6    God:    Makhleb [**....]
Gold:   405        SH:  0    Dex: 12    Spells: 0 memorised, 6 levels left

rFire  . . .     SeeInvis .       - Unarmed
rCold  . . .     Clarity  .     j - +0 robe
rNeg   . . .     SustAt   .     (no shield)
rPois  .         Gourm    +     (helmet restricted)
rElec  .         Spirit   .     (no cloak)
rCorr  .         Warding  .     (gloves unavailable)
rMut   .         NoTele   +     (boots unavailable)
MR     .....                    (no amulet)
Stlth  ++........               (no ring)
                                (no ring)

@: paralysed, not resistant to hostile enchantments, unstealthy
A: unfitting armour, claws 3, fast metabolism 3, gourmand, regeneration 2,
shaggy fur 1, tough skin 2
a: Minor Destruction, Renounce Religion


You were in the Dungeon.
You worshipped Makhleb.
Makhleb was pleased with you.
You were not hungry.

You visited 1 branch You collected 405 gold pieces.

Inventory:

Armour
 a - a +0 robe
 j - a +0 robe (worn)
Scrolls
 h - a scroll of blinking
Potions
 c - a potion of curing
 e - a potion of haste
 f - 2 potions of magic
 g - a potion of berserk rage
 k - 2 potions of poison {unknown}
Comestibles
 b - 2 bread rations
 i - 4 chunks of flesh


   Skills:
 + Level 6.6 Fighting
 + Level 7.3 Dodging
 + Level 2.2 Stealth
 + Level 11.5 Unarmed Combat


You had 6 spell levels left.
You didn't know any spells.

Dungeon Overview and Level Annotations

Branches:
Dungeon (1/1)

Altars:
Cheibriados
Dithmenos
Elyvilon
Fedhas
Gozag
Kikubaaqudgha
Makhleb
Nemelex Xobeh
Okawaru
Qazlal
Ru
Sif Muna
Trog
Vehumet
Xom
Yredelemnul
Zin
The Shining One
Jiyva

Shops:
D [


Innate Abilities, Weirdness & Mutations

You are too large for most types of armour.
You have claws for hands.
Your metabolism is lightning-fast.
You like to eat raw meat.
You heal very quickly.
You are covered in fur (AC +1).
You have very tough skin (AC +2).


Message History

You barely miss the hellwing.
The hellwing is moderately wounded.
The red devil hits you from afar with a trident!
* * * LOW HITPOINT WARNING * * *
The hellwing misses you. The hellwing barely misses you.
You barely miss the hellwing.
The hellwing is moderately wounded.
The red devil hits you from afar with a trident!
* * * LOW HITPOINT WARNING * * *
You feel much better. The hellwing completely misses you.
The hellwing closely misses you.
You barely miss the hellwing.
The hellwing is lightly wounded.
The red devil hits you from afar with a trident!
* * * LOW HITPOINT WARNING * * *
The hellwing closely misses you. The hellwing misses you.
The giant eyeball gazes at you.
You suddenly lose the ability to move!
The hellwing hits you!
You die...

#########################
<.#..').#.)'..#__#45K...#
..'[.#..'..#..'.@44K#...#
..#####'#####'#__#### ..+
..## #..#...#.#### ##
..#__####..##.#
..#_..__##'#..+
⌠⌠#_.∩...'..._#
###_..._##_.#+#
#_____###+# #######


You could see a hellwing, a rust devil, 2 kobold demonologists, a red devil and
a crimson imp.

Vanquished Creatures
  A slime creature (D)
  Sigmund (D)
  A yak (D)
  An ogre (D)
  A jelly (D)
  Ijyb (D)
6 creatures vanquished.

Notes
Turn   | Place    | Note
--------------------------------------------------------------
     0 | D        | Moresty the Troll Monk began the quest for the Orb.
     0 | D        | Reached XP level 1. HP: 22/22 MP: 0/0
     2 | D        | Noticed Ijyb
    17 | D        | Killed Ijyb
    17 | D        | Reached skill level 5 in Unarmed Combat
    17 | D        | Reached XP level 2. HP: 29/31 MP: 1/1
    23 | D        | Noticed an ogre
    30 | D        | Killed an ogre
    30 | D        | Reached skill level 7 in Unarmed Combat
    30 | D        | Reached XP level 3. HP: 8/39 MP: 2/2
    30 | D        | Reached XP level 4. HP: 9/48 MP: 3/3
   111 | D        | Noticed Sigmund
   117 | D        | Killed Sigmund
   117 | D        | Reached skill level 5 in Fighting
   117 | D        | Reached skill level 5 in Dodging
   117 | D        | Reached skill level 9 in Unarmed Combat
   117 | D        | Reached XP level 5. HP: 34/57 MP: 4/4
   168 | D        | Found a snail-covered altar of Cheibriados.
   168 | D        | Found a viscous altar of Jiyva.
   168 | D        | Found a shadowy altar of Dithmenos.
   168 | D        | Found a blossoming altar of Fedhas.
   168 | D        | Noticed a slime creature
   180 | D        | Killed a slime creature
   180 | D        | Reached skill level 10 in Unarmed Combat
   180 | D        | Reached XP level 6. HP: 44/67 MP: 5/5
   191 | D        | Found a deep blue altar of Sif Muna.
   192 | D        | Noticed a jelly
   193 | D        | Found a radiant altar of Vehumet.
   196 | D        | Killed a jelly
   196 | D        | Reached skill level 11 in Unarmed Combat
   214 | D        | Found Juro's Armour Emporium.
   214 | D        | Found a white marble altar of Elyvilon.
   214 | D        | Found a stormy altar of Qazlal.
   214 | D        | Found a burning altar of Makhleb.
   214 | D        | Found a sacrificial altar of Ru.
   214 | D        | Found a basalt altar of Yredelemnul.
   214 | D        | Found a glowing golden altar of the Shining One.
   214 | D        | Found a sparkling altar of Nemelex Xobeh.
   214 | D        | Found a shimmering altar of Xom.
   214 | D        | Found an opulent altar of Gozag.
   214 | D        | Found an ancient bone altar of Kikubaaqudgha.
   214 | D        | Found a glowing silver altar of Zin.
   214 | D        | Noticed a yak
   217 | D        | Killed a yak
   217 | D        | Reached XP level 7. HP: 59/76 MP: 6/6
   218 | D        | Found an iron altar of Okawaru.
   221 | D        | Found a bloodstained altar of Trog.
   226 | D        | Became a worshipper of Makhleb the Destroyer
   226 | D        | Reached * piety under Makhleb
   226 | D        | Reached ** piety under Makhleb
   274 | D        | Noticed a kobold demonologist
   278 | D        | Noticed a hellwing
   279 | D        | Noticed a kobold demonologist
   285 | D        | Paralysed by a giant eyeball for 3 turns
   288 | D        | Noticed a red devil
   292 | D        | Noticed a rust devil
   294 | D        | HP: 3/76 [red devil/trident[a kobold demonologist] (13)]
   296 | D        | Paralysed by a giant eyeball for 2 turns
   297 | D        | Slain by a hellwing

Action                   |  1- 3 |  4- 6 |  7- 9 || total
-------------------------+-------+-------+-------++-------
Melee: Unarmed           |    20 |    15 |    11 ||    46
  Use: Potion            |       |       |     2 ||     2
 Stab: Sleeping          |       |     1 |       ||     1
